 Dungeon Crawl Stone Soup version 0.17.0-22-g5edae84 (webtiles) character file.

207 Dustman the Chopper (level 6, -14/47 HPs)
             Began as a Human Fighter on Nov 12, 2015.
             Demolished by an ogre
             ... wielding a +0 giant spiked club
              (19 damage)
             ... on level 4 of the Dungeon.
             The game lasted 00:06:55 (2263 turns).

Dustman the Chopper (Human Fighter)                 Turns: 2263, Time: 00:06:56

Health: -14/47     AC:  6    Str: 17    XL:     6   Next: 10%
Magic:  6/6        EV:  7    Int:  9    God:
Gold:   188        SH:  9    Dex: 13    Spells: 0 memorised, 5 levels left

rFire  . . .     SeeInvis .     a - +0 war axe
rCold  . . .     Clarity  .     b - +0 scale mail
rNeg   . . .     SustAt   .     c - +0 shield
rPois  +         Gourm    .     (no helmet)
rElec  .         Spirit   .     (no cloak)
rCorr  .         Warding  .     (no gloves)
rMut   .         Stasis   .     (no boots)
MR     .....                    (no amulet)
Stlth  ..........               (no ring)
                                g - ring of poison resistance

@: not resistant to hostile enchantments, extremely unstealthy
A: no striking features
a: no special abilities


You were on level 4 of the Dungeon.
You were not hungry.

You visited 1 branch of the dungeon, and saw 4 of its levels.

You collected 188 gold pieces.

Inventory:

Hand Weapons
 a - a +0 war axe (weapon)
Missiles
 m - a throwing net (quivered)
Armour
 b - a +0 scale mail (worn)
 c - a +0 shield (worn)
Jewellery
 g - a ring of poison resistance (left hand)
Scrolls
 h - a scroll of noise {unknown}
 j - a scroll of remove curse {unknown}
 l - 4 scrolls of identify {unknown}
 o - a scroll of recharging {unknown}
 q - a scroll of immolation {unknown}
 s - a scroll of fear {unknown}
Potions
 d - 2 potions of might
 f - 4 potions of curing {unknown}
 i - a potion of brilliance {unknown}
 k - a potion of cure mutation {unknown}
 n - a potion of lignification {unknown}
 p - a potion of poison {unknown}
Comestibles
 e - a bread ration
 t - 4 fruits


   Skills:
 - Level 3.0 Fighting
 * Level 5.9 Axes
 - Level 3.0 Armour
 - Level 3.0 Shields


You had 5 spell levels left.
You didn't know any spells.

Dungeon Overview and Level Annotations

Branches:
Dungeon (4/15)
 Temple: D:4-7

Altars:
Gozag
Okawaru
Sif Muna
Yredelemnul
Zin


Message History

You hit the ogre.
The ogre is lightly wounded.
The ogre hits you with a giant spiked club.
You hit the ogre.
The ogre is lightly wounded.
You block the ogre's attack.
You hit the ogre but do no damage.
The ogre is lightly wounded.
The ogre hits you with a giant spiked club!
Your shield prevents you from hitting the ogre.
The ogre is lightly wounded.
You block the ogre's attack.
You hit the ogre.
The ogre is lightly wounded.
The ogre hits you with a giant spiked club!
* * * LOW HITPOINT WARNING * * *
You hit the ogre but do no damage.
The ogre is lightly wounded.
The ogre hits you with a giant spiked club!!
You die...

###. #.# #.##### ...
####<####.....###
#.##...........†...#
#.......##.###'###.#
#.......##)# #.#
#.......##.###.###
#.......##.###_..+
#.......##.###.###
#.......##.# #@#
#.......##.# #O#
#..<....##. ...
#.......... ...#.
####.#####..####..
#.# .. ## .. #. .##
# ..


You could see an ogre.

Vanquished Creatures
  A worker ant (D:4)
  4 gnolls (D:3)
  7 adders
  3 oozes
  2 worms
  A giant gecko (D:2)
  9 bats
  2 giant cockroaches
  6 hobgoblins
  6 jackals
  5 kobolds
  3 giant newts
  8 goblins
  8 rats
  A fungus (D:1)
66 creatures vanquished.

Notes
Turn   | Place    | Note
--------------------------------------------------------------
     0 | D:1      | Dustman the Human Fighter began the quest for the Orb.
     0 | D:1      | Reached XP level 1. HP: 18/18 MP: 1/1
   123 | D:1      | Reached XP level 2. HP: 21/24 MP: 2/2
   497 | D:1      | Reached XP level 3. HP: 25/29 MP: 3/3
   694 | D:2      | Found an opulent altar of Gozag.
  1004 | D:2      | Reached skill level 4 in Axes
  1004 | D:2      | Reached XP level 4. HP: 26/35 MP: 4/4
  1035 | D:2      | Found a deep blue altar of Sif Muna.
  1035 | D:2      | Found a basalt altar of Yredelemnul.
  1354 | D:3      | Reached XP level 5. HP: 22/41 MP: 5/5
  1407 | D:3      | Reached skill level 5 in Axes
  1687 | D:3      | Found a faded altar to an unknown god.
  1813 | D:3      | Found a glowing silver altar of Zin.
  2231 | D:4      | Reached XP level 6. HP: 36/47 MP: 6/6
  2250 | D:4      | Found an iron altar of Okawaru.
  2257 | D:4      | Noticed an ogre
  2263 | D:4      | Demolished by an ogre

Action                   |  1- 3 |  4- 6 || total
-------------------------+-------+-------++-------
Melee: War axe           |   102 |   140 ||   242
  Eat: Chunk             |       |     3 ||     3
       Beef jerky        |       |     1 ||     1
